 Dungeon Crawl Stone Soup version 0.20-a0-556-g892c87b (webtiles) character file.

992 drasked the Magician (level 7, -11/36 HPs)
             Began as a Deep Elf Fire Elementalist on Feb 4, 2017.
             Was an Initiate of Vehumet.
             Shot with an arrow by a centaur (18 damage)
             ... on level 5 of the Dungeon.
             The game lasted 00:15:27 (5929 turns).

drasked the Magician (Deep Elf Fire Elementalist)   Turns: 5929, Time: 00:15:27

Health: -11/36     AC:  4    Str:  5    XL:     7   Next: 98%
Magic:  18/20      EV: 13    Int: 22    God:    Vehumet [......]
Gold:   205        SH:  0    Dex: 15    Spells: 11/21 levels left

rFire    . . .     SeeInvis .   r - +2 dagger (venom)
rCold    . . .     Gourm    .   a - +0 robe
rNeg     . . .     Faith    .   (no shield)
rPois    .         Spirit   .   (no helmet)
rElec    .         Reflect  .   (no cloak)
rCorr    .         Harm     +   u - +1 pair of gloves
MR       .....                  (no boots)
Stlth    ++........             m - amulet of harm
Regen    0.2/turn               (no ring)
                                (no ring)

@: no status effects
A: no striking features
a: Renounce Religion


You were on level 5 of the Dungeon.
You worshipped Vehumet.
Vehumet was noncommittal.
You were very hungry.

You visited 2 branches of the dungeon, and saw 6 of its levels.

You collected 205 gold pieces.

Inventory:

Hand Weapons
 g - a +0 mace of protection
   (You took it off an orc on level 3 of the Dungeon)
 r - a +2 dagger of venom (weapon)
   (You took it off an orc wizard on level 3 of the Dungeon)
 F - a +2 vampiric short sword
   (You found it on level 5 of the Dungeon)
Missiles
 z - 7 curare-tipped needles
Armour
 a - a +0 robe (worn)
 u - a +1 pair of gloves (worn)
   (You found it on level 4 of the Dungeon)
 A - a +2 robe of positive energy
   (You took it off an orc wizard on level 4 of the Dungeon)
Jewellery
 m - an amulet of harm (around neck)
   (You found it on level 3 of the Dungeon)
 w - an uncursed ring of fire {unknown}
   (You found it on level 4 of the Dungeon)
Wands
 t - a wand of lightning (7/15)
   (You found it on level 4 of the Dungeon)
 D - a wand of random effects (20/48)
   (You found it on level 5 of the Dungeon)
Scrolls
 e - 3 scrolls of remove curse
 f - 6 scrolls of identify {unknown}
 p - a scroll of teleportation {unknown}
 q - a scroll of enchant weapon {unknown}
 y - a scroll of fear {unknown}
 C - a scroll of amnesia {unknown}
Potions
 d - a potion of magic {unknown}
 i - 3 potions of heal wounds {unknown}
 j - a potion of lignification {unknown}
 k - a potion of cure mutation {unknown}
 l - a potion of mutation {unknown}
 n - a potion of flight {unknown}
 o - a potion of degeneration {unknown}
 s - a potion of agility {unknown}
 v - 2 potions of haste {unknown}
 x - a potion of berserk rage {unknown}
 B - a potion of curing {unknown}
 E - a potion of might {unknown}
Books
 b - a book of Flames
Comestibles
 c - 7 bread rations {@e1}
 h - a royal jelly


   Skills:
 - Level 2.4 Dodging
 - Level 2.4 Stealth
 + Level 7.7 Spellcasting
 + Level 5.7 Conjurations
 + Level 6.6 Fire Magic


You had 11 spell levels left.
You knew the following spells:

 Your Spells              Type           Power        Failure   Level  Hunger
a - Flame Tongue          Conj/Fire      #####        1%          1    None
c - Conjure Flame         Conj/Fire      #####...     1%          3    None
s - Sticky Flame          Conj/Fire      #####...     8%          4    ###....
x - Throw Flame           Conj/Fire      #####.       1%          2    None


Dungeon Overview and Level Annotations

Branches:
Dungeon (5/15)             Temple (1/1) D:4

Altars:
Ashenzari
Cheibriados
Dithmenos
Elyvilon
Fedhas
Gozag
Hepliaklqana
Kikubaaqudgha
Makhleb
Nemelex Xobeh
Okawaru
Qazlal
Ru
Sif Muna
Trog
Uskayaw
Vehumet
Xom
Yredelemnul
Zin
The Shining One

Shops:
D:4 :

Annotations:
D:5 exclusion: Eustachio, Eustachio


Message History

a halberd; a whip; a gnoll skeleton x2
Things that are here:
a jackal skeleton x2
You see here a jackal skeleton.
You see here a jackal skeleton.
An ice beast and a skeleton come into view.
Aim: a leopard gecko skeleton The flame tongue hits the leopard gecko skeleton.
You destroy the leopard gecko skeleton!
Vehumet accepts your kill.
You now have 18/19 mp.
Aim: an ice beast The flame tongue misses the ice beast.
You now have 17/19 mp.
Aim: an ice beast The sticky flame hits the ice beast.
The ice beast melts!
The ice beast is covered in liquid flames!
The ice beast burns!
The ice beast closely misses you.
You now have 14/19 mp.
The ice beast burns!
The ice beast burns!
You kill the ice beast!
Vehumet accepts your kill.
You may need something to eat soon, looking for food.
Can't find anything matching that.
Okay, then.
A jelly comes into view.
You regained 2 mp, and now have 16/20 mp.
Aim: a jelly (resting)
You miscast Sticky Flame.
You are very lightly contaminated with residual magic.
You smell something strange.
You now have 12/20 mp.
Aim: a jelly (resting)
The sticky flame hits the jelly.
The jelly quivers.
The jelly is covered in liquid flames!
The jelly burns!
The jelly hits you.
You are splashed with acid!
The acid burns!
You take 8 damage, and have 28/36 hp.
MASSIVE DAMAGE!!
You now have 9/20 mp.
The jelly burns!
You kill the jelly!
Vehumet accepts your kill.
You start resting.
You are feeling very hungry.
You regained 2 hp, and now have 30/36 hp.
You regained 3 mp, and now have 12/20 mp.
You may need something to eat soon, looking for food.
Can't find anything matching that.
Okay, then.
f - 6 scrolls labeled HUASMU ONLEECO (gained 1)
Your magical contamination has completely faded away.
You regained 2 mp, and now have 14/20 mp.
A giant cockroach comes into view.
You regained 3 hp, and now have 34/36 hp.
You regained 3 mp, and now have 17/20 mp.
A leopard gecko comes into view.
Aim: a giant cockroach The flame tongue hits the giant cockroach.
You kill the giant cockroach!
Vehumet accepts your kill.
You may need something to eat soon, looking for food.
Can't find anything matching that.
Okay, then.
Aim: a leopard gecko (clinging, resting)
The flame tongue hits the leopard gecko.
You kill the leopard gecko!
Vehumet accepts your kill.
Found a stone staircase leading down.
Health restored: 36
v - 2 ruby potions (gained 1)
There is a stone staircase leading down here.
MP restored: 20 Eustachio the Magnificent comes into view.
He is wielding a rapier.
You may need something to eat soon, looking for food.
Can't find anything matching that.
Okay, then.
There is a stone staircase leading down here.
A centaur comes into view.
The centaur shouts!
The centaur wields a shortbow.
The centaur shoots an arrow.
The arrow hits you!
You see here an arrow.
You take 10 damage, and have 26/36 hp.
MASSIVE DAMAGE!!
The fire roars!
You now have 17/20 mp.
The centaur shoots an arrow.
The arrow hits you.
The centaur shoots an arrow.
The arrow hits you.
You see here an arrow.
You take 9 damage, and have 17/36 hp.
MASSIVE DAMAGE!!
The centaur shoots an arrow.
The arrow hits you!
* * * LOW HITPOINT WARNING * * *
You see here an arrow.
You take 10 damage, and have 7/36 hp.
MASSIVE DAMAGE!!
The centaur shoots an arrow.
The arrow hits you!
Ouch! That really hurt!
You die...

##.#
.....#..###.########
#.# c.. #.....####
#. #.# #ยง#
###......# ##. #.#
#(# ##.###.###.. #.#
#.# #.# #...... #.#
#.# ###.###....#.
#>## ##(##
##.......####. #..#
#..(# #..#.##### ##
##.#
#..@###.##.#########
#.#
#...................
#.#
#...#.####.#########
#.# #####.# #.# #.#
##.# #.# #.# ####..#
#.# #.# #....## #.#
###.### ##.#### ..#
##.....## #..# .#


You could see a centaur.

Vanquished Creatures
  2 ice beasts
  An orc warrior (D:5)
  A phantom (D:5)
  A scorpion (D:4)
  A hound (D:4)
  3 jellies
  7 orc wizards
  2 worker ants
  3 gnolls (D:5)
  3 adders
  6 oozes
  4 worms
  3 dart slugs
  5 leopard geckos
  15 orcs
  5 bats
  5 giant cockroaches
  7 goblins
  4 hobgoblins
  16 jackals
  7 kobolds
  2 quokkas (D:3)
  4 frilled lizards
  A jackal skeleton (D:5)
  A leopard gecko skeleton (D:5)
  15 rats
124 creatures vanquished.

Notes
Turn   | Place    | Note
-------+----------+-------------------------------------------
     0 | D:1      | drasked the Deep Elf Fire Elementalist began the quest for the Orb.
     0 | D:1      | Reached XP level 1. HP: 10/10 MP: 6/6
     1 | D:1      | Found a runed door.
    30 | D:1      | HP: 2/10 [kobold/short sword (4)]
   420 | D:1      | Reached XP level 2. HP: 12/15 MP: 3/8
   424 | D:1      | Learned a level 2 spell: Throw Flame
   782 | D:1      | Found a glowing golden altar of the Shining One.
   993 | D:1      | HP: 2/15 [acid (10)]
   994 | D:1      | Reached skill level 4 in Spellcasting
   994 | D:1      | Reached skill level 2 in Conjurations
   994 | D:1      | Reached XP level 3. HP: 3/19 MP: 4/10
  1075 | D:1      | Reached skill level 4 in Fire Magic
  1305 | D:1      | Reached XP level 4. HP: 16/24 MP: 2/12
  1906 | D:2      | Learned a level 3 spell: Conjure Flame
  1911 | D:2      | Learned a level 4 spell: Sticky Flame
  1948 | D:2      | Reached skill level 5 in Spellcasting
  1997 | D:2      | Reached XP level 5. HP: 28/28 MP: 11/14
  2290 | D:2      | Reached skill level 3 in Conjurations
  3455 | D:4      | Found a hide-covered altar of Uskayaw.
  3456 | D:4      | Found a snail-covered altar of Cheibriados.
  3459 | D:4      | Found a glowing silver altar of Zin.
  3461 | D:4      | Found a shadowy altar of Dithmenos.
  3461 | D:4      | Found an iron altar of Okawaru.
  3463 | D:4      | Found a shimmering altar of Xom.
  3463 | D:4      | Found a shattered altar of Ashenzari.
  3463 | D:4      | Found a burning altar of Makhleb.
  3463 | D:4      | Found a hazy altar of Hepliaklqana.
  3463 | D:4      | Found a hide-covered altar of Uskayaw.
  3463 | D:4      | Found an ancient bone altar of Kikubaaqudgha.
  3463 | D:4      | Found a snail-covered altar of Cheibriados.
  3467 | D:4      | Found a staircase to the Ecumenical Temple.
  3499 | D:4      | Reached skill level 5 in Fire Magic
  3504 | D:4      | Reached XP level 6. HP: 12/32 MP: 8/16
  3506 | Temple   | Entered the Ecumenical Temple
  3522 | Temple   | HP: 8/32 [poisoned by a worker ant]
  3829 | Temple   | Became a worshipper of Vehumet
  4045 | D:4      | Found Hootiquf's Book Shoppe.
  4053 | D:4      | Noticed an ice beast
  4060 | D:4      | Killed an ice beast
  4060 | D:4      | Reached skill level 6 in Spellcasting
  4060 | D:4      | Reached skill level 4 in Conjurations
  4477 | D:4      | Reached XP level 7. HP: 24/36 MP: 11/18
  4827 | D:5      | Entered Level 5 of the Dungeon
  4888 | D:5      | Reached skill level 6 in Fire Magic
  4891 | D:5      | Reached skill level 5 in Conjurations
  4906 | D:5      | HP: 8/36 [orc wizard/puff of flame (10)]
  5160 | D:5      | Reached skill level 7 in Spellcasting
  5322 | D:5      | HP: 9/36 [jackal (2)]
  5864 | D:5      | Noticed Eustachio
  5928 | D:5      | HP: 7/36 [centaur/arrow (10)]
  5929 | D:5      | Shot with an arrow by a centaur

Vault maps used:
D:1:      dpeg_arrival_caged_fury, tso_altar
D:4:      temple_doors_ab, serial_shops, shop
D:5:      first_bread, kennysheep_cross_room, uniq_eustachio
Temple:   grunt_wide_crystal_templ

Skill      XL: |  1  2  3  4  5  6  7 |
---------------+----------------------+-----
Spellcasting   | 4 5 6 7 |  7.7
Conjurations   | 2 3 4 5 |  5.7
Fire Magic     | 4 5 6 |  6.6
Dodging        | |  2.4
Stealth        | |  2.4

Action                   |  1- 3 |  4- 6 |  7- 9 || total
-------------------------+-------+-------+-------++-------
Melee: Dagger            |       |     1 |    12 ||    13
 Cast: Flame Tongue      |    47 |   129 |    55 ||   231
       Sticky Flame      |       |     2 |     5 ||     7
       Conjure Flame     |       |     1 |     2 ||     3
       Throw Flame       |       |       |     1 ||     1
  Use: Scroll            |     1 |       |       ||     1
  Eat: Chunk             |       |     7 |     3 ||    10
       Bread ration      |       |     1 |       ||     1
Armor: Robe              |     3 |     1 |    10 ||    14
Dodge: Dodged            |    11 |    28 |    20 ||    59

Vault maps used:
D:1:      dpeg_arrival_caged_fury, tso_altar
D:4:      temple_doors_ab, serial_shops, shop
D:5:      first_bread, kennysheep_cross_room, uniq_eustachio
Temple:   grunt_wide_crystal_templ

Table legend:
 A = Turns spent in this place as a percentage of turns spent in the entire game.
 B = Non-inter-level travel turns spent in this place as a percentage of non-inter-level travel turns spent in the entire game.
 C = Inter-level travel turns spent in this place as a percentage of turns spent in this place.
 D = Turns resting spent in this place as a percentage of non-inter-level travel turns spent in this place.
 E = Turns spent auto-exploring this place as a percentage of non-inter-level travel turns spent in this place.
 F = Non-inter-level travel turns spent in this place divided by the number of levels of this place that you've seen.
                   A       B       C       D       E      F
               +-------+-------+-------+-------+-------+----------------------
         Total | 100.0 | 100.0 |   1.0 |   4.7 |  10.5 | 263.0
       Dungeon |  96.5 |  96.6 |   1.0 |   4.5 |   9.8 | 304.8
        Temple |   3.5 |   3.4 |   1.8 |  11.1 |  29.6 |  54.0
               +-------+-------+-------+-------+-------+----------------------

Table legend:
 A = Kills in this place as a percentage of kills in entire the game.
 B = Kills by you in this place as a percentage of kills by you in the entire game.
 C = Kills by friends in this place as a percentage of kills by friends in the entire game.
 D = Other kills in this place as a percentage of other kills in the entire game.
 E = Experience gained in this place as a percentage of experience gained in the entire game.
 F = Experience gained in this place divided by the number of levels of this place that you have seen.
                   A       B       C       D       E      F
               +-------+-------+-------+-------+-------+----------------------
         Total | 100.0 | 100.0 |  -nan |  -nan | 100.0 | 236.3
       Dungeon | 100.0 | 100.0 |  -nan |  -nan | 100.0 | 283.6
               +-------+-------+-------+-------+-------+----------------------
